 Dungeon Crawl Stone Soup version 0.30.1-9-gdf580d7c3d (webtiles) character file.

Game seed: 13526633991383436870

42 KittyFluff the Trooper (level 3, -1/34 HPs)
             Began as a Gargoyle Berserker on Oct 14, 2023.
             Was a Follower of Trog.
             Slain by an orc
             ... wielding a +0 morningstar
              (6 damage)
             ... on level 3 of the Dungeon.
             The game lasted 00:06:34 (1400 turns).

KittyFluff the Trooper (Gargoyle Berserker)         Turns: 1400, Time: 00:06:35

Health: -1/34      AC: 10    Str: 22    XL:     3   Next: 56%
Magic:  3/3        EV: 11    Int:  7    God:    Trog [*.....]
Gold:   130        SH:  4    Dex:  9    Spells: 2/2 levels left

rFire   . . .        a - +0 mace
rCold   . . .        j - +2 buckler
rNeg    + . .        o - +0 leather armour
rPois   ∞            (no helmet)
rElec   +            n - +0 cloak
rCorr   .            m - +1 pair of gloves "Zoxicwyh" {rElec SInv}
SInv    +            l - +0 pair of boots
Will    .....        (no amulet) Stlth
                     (no ring)
HPRegen 0.25/turn    (no ring)
MPRegen 0.08/turn

%: no passive effects
@: berserking (expiring), very quick
A: sickness immunity, AC +3, negative energy resistance 1, electricity
resistance, torment resistance 1, petrification resistance
a: Renounce Religion, Berserk


You were on level 3 of the Dungeon.
You worshipped Trog.
Trog was aware of your devotion.
You visited 1 branch of the dungeon, and saw 3 of its levels.

You collected 130 gold pieces.

Inventory:

Hand Weapons
 a - a +0 mace (weapon)
Armour
 j - a +2 buckler (worn)
 l - a +0 pair of boots (worn)
 m - the +1 pair of gloves "Zoxicwyh" (worn) {rElec SInv}
   (You found it on level 2 of the Dungeon)

   rElec:     It insulates you from electricity.
   SInv:      It lets you see invisible.
 n - a +0 cloak (worn)
 o - a +0 leather armour (worn)
Scrolls
 d - a scroll of teleportation {unknown}
 e - 2 scrolls of immolation {unknown}
 f - a scroll of amnesia {unknown}
 i - a scroll of acquirement {unknown}
Potions
 c - 2 potions of haste {unknown}
 g - 2 potions of flight {unknown}
 h - a potion of degeneration {unknown}
 k - a potion of brilliance {unknown}


   Skills:
 + Level 3.5 Fighting
 * Level 3.5 Maces & Flails
 * Level 3.0 Armour
 + Level 1.9 Dodging


You had 2 spell levels left.
You didn't know any spells.
Your spell library was empty.

Dungeon Overview and Level Annotations

Branches:
Dungeon (3/15)

Altars:
Zin

Annotations:
D:1 2 transporters


Innate Abilities, Weirdness & Mutations

You are immune to sickness and miasma.
Your stone body is resilient. (AC +3)
You are immune to poison.
You resist negative energy. (rN+)
You are resistant to electric shocks. (rElec)
You are resistant to unholy torment.
You are immune to petrification.


Message History

You kill the orc!
Trog accepts your kill. The orc hits you with a +0 morningstar!
The orc priest hits you with a +0 flail.
The orc misses you.
Your Armour skill increases to level 3!
The orc attacks as you move away! The orc hits you but does no damage.
Items here: ! ) [ †.
You hit the orc.
The orc is almost dead.
The orc hits you but does no damage.
You closely miss the orc.
The orc is almost dead.
You hit the orc.
The orc is heavily wounded.
The orc barely misses you. The orc hits you with a +0 whip.
The orc hits you but does no damage. The orc closely misses you.
A red film seems to cover your vision as you go berserk!
You feel yourself moving faster!
You feel mighty! The orc barely misses you. x2
You barely miss the orc.
The orc is heavily wounded.
You barely miss the orc.
The orc is heavily wounded.
The orc hits you but does no damage. The orc barely misses you.
You sock the orc!
You kill the orc!
Trog accepts your kill. The orc closely misses you.
The orc priest miscasts a cantrip.
You closely miss the orc. The orc hits you with a +0 morningstar!
* * * LOW HITPOINT WARNING * * *
The orc closely misses you.
The orc priest hits you but does no damage.
The orc closely misses you.
Things that are here:
a +0 whip; an orc corpse You thump the orc priest!
The orc priest is heavily wounded.
The orc hits you but does no damage. The orc hits you with a +0 morningstar.
You die...

.......[.....##.##.......#
.###........##:..##......#
#.......##.....##+#####
#...#####.......#.# #...
#....._....+ .....
#.#.......#..# ##....
#.##.....##..# #.... #
##o)o## .# #.... ##@## #
#.....o......#
#............#
..............#
#.............#
#.....:.......#
###+##+#####+.. #.


You could see an orc priest and 2 orcs.

Vanquished Creatures
  An adder (D:2)
  3 orcs (D:3)
  3 bats
  An endoplasm (D:1)
  A giant cockroach (D:1)
  2 goblins (D:1)
  A hobgoblin (D:2)
  A quokka (D:1)
  5 ball pythons
  6 frilled lizards
  8 rats
32 creatures vanquished.

Notes
Turn   | Place    | Note
-------+----------+-------------------------------------------
     0 | D:1      | KittyFluff the Gargoyle Berserker began the quest for the
                  | Orb.
     0 | D:1      | Reached XP level 1. HP: 14/14 MP: 1/1
   265 | D:1      | Reached XP level 2. HP: 18/19 MP: 2/2
   740 | D:2      | Reached XP level 3. HP: 23/23 MP: 3/3
  1072 | D:2      | Identified the +1 pair of gloves "Zoxicwyh" {rElec SInv}
  1369 | D:3      | Found a glowing silver altar of Zin.
  1400 | D:3      | Slain by an orc

Illustrated notes

Levels and vault maps discovered:
D:1:      spicycebolla_arrival_transporter_tutorial, layout_basic
D:2:      layout_rooms, amcnicky_mini_rare_corridor_liquid
D:3:      layout_basic, lemuel_round_altar, serial_corexii_hall,
          chequers_hall_statues_corner_a, chequers_hall_statues_corner_a,
          shapermc_ecumenical_altar_notcrosses, small_statue_intersection,
          minmay_misc_feat_enclosed, minmay_misc_feat_chi, uniq_terence

Skill      XL: |  1  2  3 |
---------------+----------+-----
Armour         | 3 |  3.0
Fighting       | |  3.5
Maces & Flails | |  3.5
Dodging        | |  1.9

Action                     || total
---------------------------++-------
  Melee: Mace              ||   103
 Invoke: Berserk           ||     1
   Stab: Sleeping          ||     1
 Armour: Animal skin       ||    46
         Leather armour    ||    15
  Dodge: Dodged            ||    82
  Block: Buckler           ||     4
